cohdb
Replays
Latest Replays
All Replays
Popular Replays
Top Player Replays
Match Explorer
How It Works
Community
CoH3 Stats
Reddit
Sign in to upload your games and track your stats! →
Sign in with Steam
Match 40025824
Unlisted
Match 40025824
Overview
Messages
Build Orders
End
Kradschützen Motorcycle Team
Panzergrenadier Squad
Panzergrenadier Squad
Panzergrenadier Squad
Construct Light Support Kompanie
2.5-tonne Medical Truck
Kradschützen Motorcycle Team
Fire Support Elements
Flakvierling Half-track
Panzerpioneer Squad
Pak 38 Mechanized Group
Selects Italian Infantry
Selects Defensive Operations
Selects Prepared Positions
Construct Panzerarmee Kommand
Kradschützen Motorcycle Team
Panzer III L Medium Tank
Selects Guastatori Squad
Selects Registered Artillery
Panzerpioneer Squad
Registered Artillery
Panzerpioneer Squad
Armored Reserves
Pak 38 Anti-tank Gun Team
Tiger Heavy Tank
Selects Towed Cannone da 105/28 Field Howitzer
Towed Cannone da 105/28 Field Howitzer
Panzerpioneer Squad
Protez
Chen
Mustafa MnM
Particycles
banksss33
guxun
0
0
Comments
sign in to comment!
No comments posted yet!